 Dungeon Crawl Stone Soup version 0.21.1-1-g345015f (webtiles) character file.

82 Sintarzus the Digger (level 4, -1/25 HPs)
             Began as a Gargoyle Earth Elementalist on June 2, 2018.
             Killed by divine providence
             ... invoked by an orc priest
              (14 damage)
             ... on level 3 of the Dungeon.
             The game lasted 00:10:28 (2289 turns).

Sintarzus the Digger (Gargoyle Earth Elementalist)  Turns: 2289, Time: 00:10:28

Health: -1/25      AC:  5    Str: 11    XL:     4   Next: 43%
Magic:  0/8        EV: 12    Int: 17    God:
Gold:   72         SH:  0    Dex: 10    Spells: 4/8 levels left

rFire    . . .     SeeInvis .   q - +0 flail
rCold    . . .     Gourm    .   (no shield)
rNeg     + . .     Faith    .   c - +0 robe
rPois    ∞         Spirit   .   (no helmet)
rElec    +         Reflect  .   (no cloak)
rCorr    .         Harm     .   (no gloves)
MR       .....                  (no boots)
Stlth    ++........             (no amulet)
HPRegen  0.08/turn              (no ring)
MPRegen  0.11/turn              (no ring)

@: no status effects
A: negative energy resistance 1, electricity resistance, unbreathing,
petrification resistance, rot immunity, AC +3
a: no special abilities


You were on level 3 of the Dungeon.
You were not hungry.

You visited 1 branch of the dungeon, and saw 3 of its levels.

You collected 72 gold pieces.

Inventory:

Hand Weapons
 a - a +0 club
 q - a +0 flail (weapon)
Missiles
 b - 39 stones (quivered)
Armour
 c - a +0 robe (worn)
 n - a +0 buckler
Scrolls
 f - a scroll of remove curse {unknown}
 g - a scroll of blinking {unknown}
 h - a scroll of immolation {unknown}
 i - a scroll of teleportation {unknown}
Potions
 j - a potion of heal wounds {unknown}
 k - 2 potions of agility
 l - a potion of flight {unknown}
 m - a potion of haste
 p - a potion of resistance
 r - a potion of cancellation {unknown}
 s - a potion of lignification {unknown}
Books
 e - a book of Geomancy

   Spells                             Type                      Level
   a - Sandblast                      Earth                        1
   b - Passwall                       Transmutation/Earth          2
   c - Stone Arrow                    Conjuration/Earth            3
   d - Petrify                        Transmutation/Earth          4
   e - Lee's Rapid Deconstruction     Earth                        5
Comestibles
 d - 5 rations
 o - 2 chunks of flesh


   Skills:
 + Level 1.2 Fighting
 + Level 1.4 Maces & Flails
 - Level 1.5 Dodging
 - Level 2.2 Stealth
 + Level 2.7 Spellcasting
   Level 0.7 Transmutations
 + Level 4.8 Earth Magic


You had 4 spell levels left.
You knew the following spells:

 Your Spells              Type           Power        Failure   Level  Hunger
a - Sandblast             Erth           ###...       2%          1    #......
b - Stone Arrow           Conj/Erth      ##....       21%         3    ###....


Dungeon Overview and Level Annotations

Branches:
Dungeon (3/15)

Altars:
Zin

Annotations:
D:3 Natasha


Innate Abilities, Weirdness & Mutations

You are resistant to torment.
Your stone body is resilient. (AC +3)
You are immune to poison.
You resist negative energy. (rN+)
You are resistant to electric shocks. (rElec)
You can survive without breathing.
You are immune to petrification.
You are immune to rotting.


Message History

Casting: Sandblast
Confirm with . or Enter, or press ? or * to list all spells.
Aiming: Sandblast
Press: ? - help, Shift-Dir - straight line, f/p - orc
Aim: an orc, wielding a mace of protection and wearing a chain mail (severely wounded)
The blast of sand hits the orc.
The orc is severely wounded.
b - 39 stones The orc hits you with a mace of protection.
You hit the orc but do no damage.
The orc is severely wounded.
Natasha casts a spell.
The orc misses you.
An orc wizard comes into view. It is wielding a dagger.
You hit the orc.
You kill the orc!
The orc priest invokes the aid of Beogh against you.
Beogh smites you!
Ouch! That really hurt!
You die...

. .. .#. ..####
.... .... ### #...
..###.# .o. ...
.c..... #.###5#
#####.# #.Koh# #..
###)#.# ### #@#
#..# ### #.# #..#
#.. #.# #..# #.#
#.# #..# #.# #.#
#..##### #.# #.#
#......#####..
#.####............
#..........#####..
#########.........


You could see an orc priest, an orc wizard, Natasha, a crimson imp and a kobold.

Vanquished Creatures
  Natasha (D:3)
  2 worms (D:2)
  2 dart slugs (D:1)
  5 orcs
  3 bats (D:2)
  4 giant cockroaches
  3 goblins
  4 hobgoblins
  6 kobolds
  A ball python (D:1)
  2 frilled lizards
  10 rats
43 creatures vanquished.

Notes
Turn   | Place    | Note
-------+----------+-------------------------------------------
     0 | D:1      | Sintarzus the Gargoyle Earth Elementalist began the quest for the Orb.
     0 | D:1      | Reached XP level 1. HP: 10/10 MP: 3/3
    50 | D:1      | Reached skill level 4 in Earth Magic
    78 | D:1      | Reached XP level 2. HP: 8/15 MP: 1/5
   886 | D:2      | Reached XP level 3. HP: 16/20 MP: 6/6
   957 | D:2      | Learned a level 3 spell: Stone Arrow
  1445 | D:2      | Reached skill level 1 in Fighting
  1761 | D:2      | Found a glowing silver altar of Zin.
  2226 | D:3      | Noticed a centaur
  2254 | D:3      | Noticed Natasha
  2258 | D:3      | Killed Natasha
  2258 | D:3      | Reached skill level 1 in Maces & Flails
  2258 | D:3      | Reached XP level 4. HP: 25/25 MP: 4/8
  2277 | D:3      | Noticed Natasha
  2289 | D:3      | Killed from afar by an orc priest

Skill      XL: |  1  2  3 |
---------------+----------+-----
Earth Magic    | 4 |  4.8
Fighting       | 1 |  1.2
Maces & Flails | 1 |  1.4
Dodging        | |  1.5
Stealth        | |  2.2
Spellcasting   | |  2.7
Transmutations | |  0.7

Action                   |  1- 3 |  4- 6 || total
-------------------------+-------+-------++-------
Melee: Club              |    90 |       ||    90
       Flail             |    49 |     2 ||    51
 Cast: Sandblast         |    24 |     8 ||    32
  Use: Scroll            |     2 |       ||     2
 Stab: Sleeping          |     2 |       ||     2
  Eat: Ration            |     2 |       ||     2
       Chunk             |     1 |       ||     1
Armor: Robe              |    64 |       ||    64
Dodge: Dodged            |   114 |     4 ||   118
